 Dungeon Crawl Stone Soup version 0.29-a0-113-g078de9bc30 (webtiles) character file.

Game seed: 18252013441753851203

4532 kae the Cleaver (level 10, -4/85 (88) HPs)
             Began as a Minotaur Fighter on Feb 18, 2022.
             Was a Priest of Makhleb.
             Slain by a yak (10 damage)
             ... on level 7 of the Dungeon.
             The game lasted 00:04:39 (7561 turns).

kae the Cleaver (Minotaur Fighter)                  Turns: 7561, Time: 00:04:39

HP:   -4/85 (88)    AC: 11    Str: 30    XL:     10   Next: 17%
MP:   12/12         EV: 10    Int:  7    God:    Makhleb [***...]
Gold: 873           SH:  5    Dex:  9    Spells: 9/9 levels left

rFire   . . .      SeeInvis .   a - +1 war axe
rCold   . . .      Faith    .   c - +0 buckler
rNeg    . . .      Spirit   .   b - +0 scale mail
rPois   .          Reflect  .   (helmet restricted)
rElec   +          Harm     .   g - +2 cloak
rCorr   +          Rampage  .   (no gloves)
Will    .....                   (no boots)
Stlth   +.........              t - amulet "Gatralush" {Acrobat rElec Regen+ rCorr Stlth+}
HPRegen 1.04/turn               v - +6 ring of strength
MPRegen 0.13/turn               (no ring)

@: lightly drained
A: horns 2, retaliatory headbutt
a: Renounce Religion, Minor Destruction, Lesser Servant of Makhleb


You were on level 7 of the Dungeon.
You worshipped Makhleb.
Makhleb was most pleased with you.
You visited 1 branch of the dungeon, and saw 8 of its levels.
You also visited: Ossuary.

You collected 873 gold pieces.

Inventory:

Hand Weapons
 a - a +1 war axe (weapon)
Armour
 b - a +0 scale mail (worn)
 c - a +0 buckler (worn)
 g - a +2 cloak (worn)
Jewellery
 q - an amulet of faith
 t - the amulet "Gatralush" (around neck) {Acrobat rElec Regen+ rCorr Stlth+}
   (You found it in an ossuary)

   [amulet of the acrobat]

   It increases your evasion while moving and waiting.
   rElec:     It insulates you from electricity.
   Regen:     It increases your rate of health regeneration.
   rCorr:     It protects you from acid and corrosion.
   Stlth:     It makes you more stealthy.
 v - a +6 ring of strength (left hand)
Wands
 e - a wand of iceblast (9)
Scrolls
 i - a scroll of fog
 l - 8 scrolls of teleportation
 o - 2 scrolls of summoning
 r - 3 scrolls of blinking
 x - a scroll of enchant weapon
Potions
 d - a potion of might
 f - a potion of mutation
 h - a potion of resistance
 j - 2 potions of haste
 k - 2 potions of degeneration
 m - 3 potions of attraction
 n - 4 potions of ambrosia
 p - a potion of lignification {unknown}
 s - 7 potions of curing {unknown}
 u - a potion of brilliance {unknown}
 w - 5 potions of heal wounds {unknown}


   Skills:
 + Level 8.2 Fighting
 * Level 10.9 Axes
 + Level 8.2 Armour
 + Level 8.3 Shields
 + Level 5.2 Invocations


You had 9 spell levels left.
You didn't know any spells.
Your spell library contained the following spells:

 Spells                   Type           Power      Damage    Failure   Level
 Animate Skeleton         Necr           0%         N/A       73%         1
 Apportation              Tloc           0%         N/A       73%         1
 Summon Small Mammal      Summ           0%         N/A       73%         1
 Blink                    Tloc           0%         N/A       86%         2
 Ensorcelled Hibernation  Hex/Ice        0%         N/A       86%         2
 Passwall                 Tmut/Erth      0%         N/A       86%         2
 Ozocubu's Armour         Ice            0%         N/A       97%         3
 Portal Projectile        Hex/Tloc       0%         N/A       97%         3
 Swiftness                Air            0%         N/A       97%         3
 Blade Hands              Tmut           0%         N/A       100%        5
 Excruciating Wounds      Necr           0%         N/A       100%        5
 Manifold Assault         Tloc           0%         N/A       100%        5
 Metabolic Englaciation   Hex/Ice        0%         N/A       100%        5
 Simulacrum               Ice/Necr       0%         N/A       100%        6
 Storm Form               Tmut/Air       0%         N/A       100%        7


Dungeon Overview and Level Annotations

Branches:
Dungeon (8/15)             Temple (0/1) D:5         Ossuary (visited)
   Lair: D:8-11

Altars:
Makhleb
Nemelex Xobeh
Vehumet
Xom
Beogh

Shops:
D:4 ?   D:8 [

Annotations:
D:5 3 runed translucent doors, dmks's ghost, novice DrTm


Innate Abilities, Weirdness & Mutations

You have a pair of horns on your head.
You reflexively headbutt those who attack you in melee.


Message History

The black bear completely misses you.
There is a stone staircase leading up, spattered with blood here.
The black bear bites you! You block the black bear's attack.
The black bear claws you.
The wight enters a dispersal trap!
The yak blinks!
The black bear blinks!
You blink.
You stop ascending the stairs.
There are monsters nearby!
The black bear rages.
You barely miss the black bear.
The black bear is almost dead.
The black bear bites you but does no damage.
The black bear claws you. You block the black bear's attack.
The black bear barely misses you. The black bear claws you.
* * * LOW HITPOINT WARNING * * *
The black bear claws you but does no damage.
You slash the black bear!
You kill the black bear!
Makhleb accepts your kill.
You slash the yak!
The yak is heavily wounded.
The wight hits you from afar with a +0 trident!
* * * LOW HITPOINT WARNING * * *
You feel drained. The yak gores you!
* * * LOW HITPOINT WARNING * * *
You closely miss the yak. Your headbutt misses the yak.
The yak is heavily wounded.
The wight hits you but does no damage. The yak gores you!
* * * LOW HITPOINT WARNING * * *
Okay, then.
You block the yak's attack.
There is a stone staircase leading up here.
The wight hits you from afar with a +0 trident.
* * * LOW HITPOINT WARNING * * *
You feel drained. You block the yak's attack.
You climb upwards.
There is a stone staircase leading down here.
Unknown command.
You slash the yak! You headbutt the yak.
The yak is severely wounded.
The yak gores you!
You die...

...##...........#...............#
............#.#.#...##......#[.##
............###....###......#..#
.....###......#..(## ##....##..##
......#............# #.....##...#
.........###..#....# #.....#...##
......#..###.......###....###.##
......#...###......).##...##..#
##....#....#....@Y.####>.....##
..................## ##.....#
............###....# ###..##
............##....## ####
...[..##..........#
.).).##..........##
..)).............##
..................#
###.........[.....#


You could see a yak.

Vanquished Creatures
  A centaur zombie (D:6)
  Eustachio (D:6)
  10 yaks
  A water moccasin (D:8)
  3 orc warriors
  A sky beast (D:3)
  An ice beast (D:7)
  A black bear (D:8)
  An ogre (D:6)
  2 bullfrogs
  9 scorpions
  2 water moccasin skeletons
  3 wights (D:6)
  A howler monkey (D:7)
  2 human zombies (Ossuary)
  A hound (D:5)
  A jelly (D:5)
  A bullfrog skeleton (D:5)
  3 orc priests
  A gnoll shaman (D:7)
  7 scorpion zombies (Ossuary)
  2 iguanas (D:4)
  5 orc wizards
  A killer bee zombie (D:6)
  A hound skeleton (D:5)
  3 mummies (Ossuary)
  4 gnolls (D:7)
  A howler monkey skeleton (D:5)
  2 adders
  2 shadow imps (D:6)
  2 worms
  5 dart slugs
  26 orcs
  7 ball pythons
  8 endoplasms
  4 giant cockroaches
  3 gnoll zombies (Ossuary)
  6 hobgoblins
  2 jackals (D:3)
  4 kobolds
  4 quokkas
  9 bats
  3 frilled lizards
  4 goblins
  A goblin zombie (Ossuary)
  3 hobgoblin zombies (Ossuary)
  3 orc zombies (Ossuary)
  3 rats
171 creatures vanquished.

Vanquished Creatures (others)
  2 orc wizards
2 creatures vanquished.

Grand Total: 173 creatures vanquished

Notes
Turn   | Place    | Note
-------+----------+-------------------------------------------
     0 | D:1      | kae the Minotaur Fighter began the quest for the Orb.
     0 | D:1      | Reached XP level 1. HP: 19/19 MP: 0/0
   122 | D:1      | Reached XP level 2. HP: 17/27 MP: 1/1
   433 | D:1      | Reached skill level 3 in Axes
   661 | D:1      | Found a faded altar of an unknown god.
  1156 | D:2      | Reached XP level 3. HP: 33/33 MP: 2/2
  1239 | D:2      | Found a shimmering altar of Xom.
  1713 | D:3      | Reached skill level 4 in Axes
  1713 | D:3      | Reached XP level 4. HP: 32/40 MP: 3/3
  1969 | D:3      | Noticed a sky beast
  1982 | D:3      | Killed a sky beast
  1983 | D:3      | Reached XP level 5. HP: 29/47 MP: 4/4
  2203 | D:3      | Found a burning altar of Makhleb.
  2481 | D:3      | You fall into a shaft and drop 1 floor!
  2665 | D:3      | Found a radiant altar of Vehumet.
  3083 | D:4      | Reached skill level 5 in Axes
  3100 | D:4      | Reached XP level 6. HP: 43/55 MP: 5/5
  3135 | D:3      | Became a worshipper of Makhleb the Destroyer
  3274 | D:4      | Found Siqen's Magic Scroll Emporium.
  3277 | D:4      | Reached skill level 5 in Shields
  3293 | D:4      | Reached skill level 5 in Fighting
  3293 | D:4      | Reached skill level 5 in Armour
  3694 | D:5      | Entered Level 5 of the Dungeon
  3805 | D:5      | Found a runed translucent gate.
  3805 | D:5      | Found a runed translucent gate.
  3805 | D:5      | Found a runed translucent gate.
  3806 | D:5      | Noticed dmks's ghost (novice DrTm)
  3808 | D:5      | Identified the +6 chain mail "Bybeb" {rF+ rC+}
  3833 | D:5      | Found a sand-covered staircase.
  3838 | Ossuary  | Entered an ossuary
  3880 | Ossuary  | Reached skill level 6 in Axes
  3880 | Ossuary  | Reached skill level 1 in Invocations
  4115 | Ossuary  | Reached XP level 7. HP: 38/61 MP: 6/6
  4358 | Ossuary  | Reached * piety under Makhleb
  4711 | Ossuary  | Reached skill level 7 in Axes
  4939 | Ossuary  | Reached XP level 8. HP: 38/70 MP: 8/8
  5314 | Ossuary  | Identified the amulet "Gatralush" {Acrobat rElec Regen+
                  | rCorr Stlth+}
  5472 | D:5      | Found a staircase to the Ecumenical Temple.
  6049 | D:6      | Identified a scroll of acquirement
  6049 | D:6      | Acquired 676 gold pieces
  6132 | D:6      | Reached skill level 8 in Axes
  6132 | D:6      | Reached ** piety under Makhleb
  6325 | D:6      | Reached XP level 9. HP: 78/78 MP: 10/10
  6509 | D:6      | Noticed Eustachio
  6529 | D:6      | Killed Eustachio
  6530 | D:6      | Reached skill level 9 in Axes
  7076 | D:7      | Reached skill level 10 in Axes
  7083 | D:7      | HP: 4/80 [yak (13)]
  7084 | D:7      | Reached *** piety under Makhleb
  7229 | D:7      | Found a sparkling altar of Nemelex Xobeh.
  7488 | D:8      | Found Goytacau's Antique Armour Emporium.
  7496 | D:8      | Reached skill level 5 in Invocations
  7496 | D:8      | Reached XP level 10. HP: 83/88 MP: 12/12
  7555 | D:8      | HP: 2/86 [yak (10)]
  7561 | D:7      | Slain by a yak

Illustrated notes

Levels and vault maps discovered:
D:1:      lightli_arrival_boilingwater, layout_basic,
          shapermc_ecumenical_altar_mp_vishouse
D:2:      layout_rooms, basic_altar, minmay_indecisive_spiral
D:3:      layout_basic, mainiacjoe_overflow_alcove_4, mainiacjoe_overflow_paths
D:4:      layout_rooms, nicolae_take_the_stairs
D:5:      layout_cave_pods, minmay_temple_entry_fiery,
          biasface_ghost_orc_armoury, nicolae_ossuary_entry_plus
D:6:      layout_gridville, hangedman_decor_growths, patterned_corridor,
          uniq_eustachio
D:7:      layout_cave_pools, mainiacjoe_overflow_cross_hatched,
          minmay_stone_trees_small, chequers_serial_rivers_small_b
D:8:      layout_cave_pools, mainiacjoe_overflow_concentric_impassable,
          serial_shops, nicolae_stop_n_shop_2, nicolae_shop_behind_doors, shop,
          nicolae_shop_behind_doors, nicolae_shop_bloodbath_and_beyond

Skill      XL: |  1  2  3  4  5  6  7  8  9 |
---------------+----------------------------+-----
Axes           | 3 4 5 6 7 8 10 | 10.9
Fighting       | 4 5 6 8 |  8.2
Shields        | 4 5 6 8 |  8.3
Armour         | 4 5 6 8 |  8.2
Invocations    | 1 2 3 5 |  5.2

Action                   |  1- 3 |  4- 6 |  7- 9 | 10-12 || total
-------------------------+-------+-------+-------+-------++-------
Melee: War axe           |    88 |   106 |   239 |    20 ||   453
       Headbutt          |    10 |    11 |    44 |     5 ||    70
Invok: Minor Destruction |       |       |     7 |       ||     7
  Use: Scroll            |       |     9 |     8 |       ||    17
Armor: Scale mail        |    40 |    50 |    99 |    14 ||   203
Dodge: Dodged            |    51 |    48 |   112 |    16 ||   227
Block: Buckler           |    15 |    24 |    60 |     8 ||   107

Table legend: (Time is in decaauts)
 A = Elapsed time spent in this place.
 B = Non-inter-level travel time spent in this place.
 C = Inter-level travel time spent in this place.
 D = Time resting spent in this place.
 E = Time spent auto-exploring this place.
 F = Levels seen in this place.
 G = Mean time per level.
                   A        B        C        D        E       F      G
               +--------+--------+--------+--------+--------+-----+--------+
         Total |   7659 |   7305 |    354 |    233 |   5792 |   9 |  851.0 |
       Dungeon |   6105 |   5751 |    354 |    227 |   4470 |   8 |  763.1 |
       Ossuary |   1554 |   1554 |      0 |      6 |   1322 |   1 | 1554.0 |
               +--------+--------+--------+--------+--------+-----+--------+

Top non-repeatable levels by time:
 Ossuary: 1554 daAuts
     D:3: 1448 daAuts
     D:1: 1160 daAuts
     D:5: 821 daAuts
     D:6: 796 daAuts
     D:7: 701 daAuts
     D:2: 603 daAuts
     D:4: 544 daAuts
     D:8: 29 daAuts
